 Dungeon Crawl Stone Soup version 0.19.1-1-g22dce08 (webtiles) character file.

38339 Gargoyl the Cleaver (level 14, 0/118 HPs)
             Began as a Ghoul Abyssal Knight on Jan 19, 2017.
             Was the Champion of Lugonu.
             Killed by a spatial distortion (2 damage)
             ... on level 6 of the Lair of Beasts on Jan 20, 2017.
             The game lasted 00:38:14 (14054 turns).

Gargoyl the Cleaver (Ghoul Abyssal Knight)         Turns: 14054, Time: 00:38:15

Health: 0/118      AC: 28    Str: 19    XL:     14   Next: 1%
Magic:  21/21      EV:  7    Int: 11    God:    Lugonu [******]
Gold:   974        SH: 10    Dex: 10    Spells: 0 memorised, 13 levels left

rFire  . . .     SeeInvis .     f - +6 war axe "Waucro" {flame, Int+4}
rCold  + . .     Gourm    .     G - +5 chain mail
rNeg   + + +     Faith    .     C - +0 shield
rPois  ∞         Spirit   .     K - +1 helmet
rElec  .         Reflect  .     t - +2 cloak
rCorr  .         Harm     .     b - +2 pair of gloves
MR     ++...                    z - +0 pair of boots
Stlth  ..........               w - amulet of regeneration
                                (no ring)
                                p - ring of protection from magic

@: about to teleport, rotting
A: rotting body, claws 1, carnivore 3, cold resistance 1, negative energy
resistance 3, slow regeneration 1, torment resistance, unbreathing
a: Depart the Abyss, Bend Space, Banish, Corrupt, Enter the Abyss, Brand Weapon
With Distortion, Renounce Religion


You were on level 6 of the Lair of Beasts.
You worshipped Lugonu.
Lugonu was exalted by your worship.
You were not hungry.

You visited 2 branches of the dungeon, and saw 16 of its levels.
You visited the Abyss 1 time.

You collected 974 gold pieces.

Inventory:

Hand Weapons
 a - a +1 hand axe
 f - the +6 war axe "Waucro" (weapon) {flame, Int+4}
   (You found it on level 2 of the Abyss)

   It has been specially enchanted to burn those struck by it, causing extra
   injury to most foes and up to half again as much damage against particularly
   susceptible opponents.
   Big, fiery blades are also staple armaments of hydra-hunters.
   It affects your intelligence (+4).
 s - a +2 war axe
 E - a +3 trident of freezing
Missiles
 i - 10 javelins (quivered)
Armour
 b - a +2 pair of gloves (worn)
 t - a +2 cloak (worn)
 z - a +0 pair of boots (worn)
 C - a +0 shield (worn)
 G - a +5 chain mail (worn)
 K - a +1 helmet (worn)
Jewellery
 p - a ring of protection from magic (left hand)
 w - an amulet of regeneration (around neck)
Wands
 d - a wand of acid (4/15)
 e - a wand of iceblast (3/15)
 u - a wand of flame (36/48)
 I - a wand of paralysis (19/24)
 N - a wand of iceblast (13/15)
 O - a wand of flame (9/48)
 P - a wand of iceblast (9/15)
 Q - a wand of confusion (13/48)
Scrolls
 g - 2 scrolls of recharging
 k - 11 scrolls of remove curse
 r - 2 scrolls of teleportation
 F - a scroll of enchant weapon
 H - 3 scrolls of magic mapping
 J - 6 scrolls of identify
 L - 5 scrolls of blinking
 M - 3 scrolls of amnesia
 R - a scroll of fear
Potions
 j - 4 potions of flight
 m - 2 potions of agility
 n - 3 potions of brilliance
 o - 2 potions of haste
 S - a potion of might {unknown}
 T - a potion of berserk rage {unknown}
Books
 l - a Young Poisoner's Handbook

   Spells                             Type                      Level
   a - Sting                          Conjuration/Poison           1
   b - Mephitic Cloud                 Conjuration/Poison/Air       3
   c - Olgreb's Toxic Radiance        Poison                       4
   d - Alistair's Intoxication        Transmutation/Poison         5
   e - Venom Bolt                     Conjuration/Poison           5
 y - a book of Flames

   Spells                             Type                      Level
   a - Flame Tongue                   Conjuration/Fire             1
   b - Throw Flame                    Conjuration/Fire             2
   c - Conjure Flame                  Conjuration/Fire             3
   d - Inner Flame                    Hexes/Fire                   3
   e - Sticky Flame                   Conjuration/Fire             4
   f - Fireball                       Conjuration/Fire             5
 B - a book of Minor Magic

   Spells                             Type                      Level
   a - Magic Dart                     Conjuration                  1
   b - Blink                          Translocation                2
   c - Call Imp                       Summoning                    2
   d - Repel Missiles                 Charms/Air                   2
   e - Slow                           Hexes                        2
   f - Conjure Flame                  Conjuration/Fire             3
   g - Mephitic Cloud                 Conjuration/Poison/Air       3
Comestibles
 c - 12 meat rations
 h - 2 slices of pizza
 q - 6 beef jerkies
 v - 3 royal jellies
 x - 5 chunks of flesh


   Skills:
 + Level 9.6 Fighting
 + Level 12.7 Axes
 + Level 0.3(8.3) Polearms
 + Level 2.5 Throwing
 * Level 11.2 Armour
 + Level 2.9 Dodging
 + Level 6.4 Shields
 * Level 10.8 Invocations
 + Level 0.1 Evocations


You had 13 spell levels left.
You didn't know any spells.

Dungeon Overview and Level Annotations

Branches:
Dungeon (10/15)            Temple (0/1) D:6            Lair (6/6) D:10
 Shoals (0/4) Lair:3        Snake (0/4) Lair:4        Slime (0/5) Lair:6
    Orc: D:9-12

Altars:
Ashenzari
Elyvilon
Fedhas
Gozag
Makhleb
Nemelex Xobeh
Okawaru
Qazlal
Ru
Uskayaw

Shops:
D:8 }%


Innate Abilities, Weirdness & Mutations

Your body is rotting away.
You thrive on raw meat.
You are immune to poison.
You have sharp fingernails.
You are carnivorous and can eat meat at any time.
Your flesh is cold resistant. (rC+)
You are immune to negative energy. (rN+++)
You regenerate slowly when monsters are visible.
You are immune to unholy pain and torment.
You can survive without breathing.


Message History

The komodo dragon hisses angrily.
A seven-headed hydra comes into view.
The seven-headed hydra roars!
A komodo dragon comes into view.
The komodo dragon hisses angrily.
A death yak comes into view.
The death yak bellows!
A death yak comes into view.
The death yak bellows!
You hear a bleat!
You hear a roar!
A manticore comes into view.
As you read the scroll of teleportation, it crumbles to dust.
You feel strangely unstable. The death yak gores you!
* * * LOW HITPOINT WARNING * * *
You block the death yak's attack. The komodo dragon bites you.
* * * LOW HITPOINT WARNING * * *
Okay, then.
Space bends sharply around you!
The death yak blinks! x2
The komodo dragon blinks!
The dream sheep blinks!
You blink.
You die...

..... #..............
#.#... #..............
......# ##...........
#.H..Y## #............#
#.D.§#####.............
###.§§.##.............#
.$#.§§..#...P........#
.#.....P#####........##
Y.l....@# #.##.#P.P..#
###.Y...## #.#P...P...#
......P# ###.....P...#
.......# #........P.###
......#.#
#...[.........# ...P.##
#.#..........## ..##
#.#...<.....## ## ###
##...........#
######.###............##


You could see a death yak, a seven-headed hydra, a manticore, a komodo dragon
and a dream sheep.

Vanquished Creatures
  Rupert (Lair:4)
  Kirke (Lair:5)
  Harold (Lair:4)
  Fannar (D:10)
  3 hydras
  2 catoblepae
  Urug (Lair:4)
  The ghost of fatfloppyjuicyveiny the Grappler, a novice TrBe of Trog (D:8)
  A lindwurm (Lair:3)
  The ghost of Noxmare the Blocker, a novice DsFi (D:6)
  3 black mambas
  5 elephants (Lair:4)
  8 spiny frogs
  2 rime drakes
  4 komodo dragons
  A polar bear (Lair:3)
  A two-headed ogre (Lair:1)
  3 trolls
  A hornet (D:7)
  11 blink frogs
  5 dream sheep (Lair:6)
  7 hippogriffs
  A snapping turtle (Lair:3)
  3 wyverns
  A wraith (D:10)
  Grum (Lair:1)
  26 yaks
  2 basilisks (Lair:2)
  3 hogs
  A hungry ghost (D:9)
  10 porcupines
  13 water moccasins
  2 black bears
  3 orc warriors
  3 sky beasts
  4 ice beasts
  9 ogres
  A phantom (D:9)
  16 wolves
  17 crocodiles
  3 big kobolds
  14 bullfrogs
  2 gnoll sergeants
  3 scorpions
  4 killer bees (D:7)
  8 wights
  A bullfrog zombie (D:8)
  2 electric eels (Lair:3)
  A centaur zombie (D:8)
  5 crimson imps
  A quasit (D:7)
  2 hounds
  6 orc priests
  3 centaur skeletons
  A gnoll shaman (D:8)
  4 jellies
  3 bullfrog skeletons
  6 iguanas
  5 orc wizards
  7 hell rats (Lair:6)
  9 worker ants
  2 hound skeletons (D:7)
  2 worker ant zombies
  15 gnolls
  15 adders
  4 shadow imps
  7 oozes
  An adder skeleton (D:6)
  2 worms
  A dart slug (D:3)
  3 leopard geckos
  35 orcs
  5 ball pythons
  13 bats
  A giant cockroach (D:3)
  11 goblins
  9 hobgoblins
  10 jackals
  4 quokkas
  2 frilled lizards
  26 kobolds
  A rat (D:3)
  2 fungi
441 creatures vanquished.

Vanquished Creatures (others)
  5 plants (Lair:6)
5 creatures vanquished.

Grand Total: 446 creatures vanquished

Notes
Turn   | Place    | Note
-------+----------+-------------------------------------------
     0 | Abyss:1  | Gargoyl the Ghoul Abyssal Knight began the quest for the Orb.
     0 | Abyss:1  | Reached XP level 1. HP: 19/19 MP: 1/1
    29 | Abyss:2  | Got a pitted war axe
    30 | Abyss:2  | Identified the +6 war axe "Waucro" {flame, Int+4} (You found it on level 2 of the Abyss)
    35 | D:1      | Escaped the Abyss
   104 | D:1      | Reached skill level 1 in Dodging
   111 | D:1      | Reached * piety under Lugonu
   111 | D:1      | Reached XP level 2. HP: 26/26 MP: 2/2
   203 | D:1      | Reached skill level 2 in Axes
   491 | D:1      | Reached XP level 3. HP: 33/33 MP: 3/3
  1140 | D:2      | Reached XP level 4. HP: 31/40 MP: 4/4
  1479 | D:2      | Found a burning altar of Makhleb.
  1479 | D:2      | Noticed an Executioner
  1482 | D:2      | Noticed a hellwing
  1482 | D:2      | Noticed a neqoxec
  1675 | D:3      | Reached ** piety under Lugonu
  1694 | D:3      | Found a stormy altar of Qazlal.
  1700 | D:3      | Found a blossoming altar of Fedhas.
  2185 | D:4      | Reached XP level 5. HP: 29/46 MP: 6/6
  2315 | D:4      | Reached skill level 3 in Axes
  2431 | D:4      | Reached XP level 6. HP: 27/52 MP: 7/7
  3059 | D:5      | Entered Level 5 of the Dungeon
  3115 | D:5      | Reached skill level 4 in Axes
  3122 | D:5      | Reached XP level 7. HP: 46/60 MP: 8/8
  3549 | D:5      | Found a white marble altar of Elyvilon.
  3711 | D:6      | Found a staircase to the Ecumenical Temple.
  3751 | D:6      | Noticed Noxmare's ghost (novice DsFi)
  3770 | D:6      | Killed Noxmare's ghost
  3770 | D:6      | Reached skill level 5 in Fighting
  3770 | D:6      | Reached skill level 5 in Axes
  3770 | D:6      | Reached XP level 8. HP: 28/67 MP: 8/10
  3992 | D:6      | Reached *** piety under Lugonu
  4205 | D:6      | Reached skill level 5 in Armour
  4315 | D:6      | Found an opulent altar of Gozag.
  4382 | D:6      | Reached skill level 6 in Axes
  4540 | D:6      | Found a hide-covered altar of Uskayaw.
  4546 | D:6      | Got a faintly humming scale mail
  4548 | D:6      | Identified the cursed +1 scale mail of Time Monsters {+Inv} (You found it on level 6 of the Dungeon)
  4556 | D:6      | Reached skill level 5 in Invocations
  4792 | D:6      | Found a faded altar of an unknown god.
  4792 | D:6      | Found a faded altar of an unknown god.
  4797 | D:6      | Found a faded altar of an unknown god.
  4799 | D:6      | Found a faded altar of an unknown god.
  4801 | D:6      | Found a sacrificial altar of Ru.
  4894 | D:6      | Reached skill level 1 in Throwing
  5126 | D:7      | Reached XP level 9. HP: 65/75 MP: 11/11
  5238 | D:7      | Reached skill level 7 in Axes
  5315 | D:7      | Reached **** piety under Lugonu
  5419 | D:7      | Noticed a hornet
  5438 | D:7      | Killed a hornet
  5981 | D:7      | Reached skill level 1 in Shields
  6010 | D:7      | Reached skill level 8 in Axes
  6087 | D:7      | Found an iron altar of Okawaru.
  6239 | D:7      | Reached XP level 10. HP: 83/83 MP: 13/13
  6368 | D:8      | Found Peminys's Gadget Boutique.
  6564 | D:8      | Noticed fatfloppyjuicyveiny's ghost (novice TrBe)
  6586 | D:8      | Killed fatfloppyjuicyveiny's ghost
  6586 | D:8      | Reached skill level 9 in Axes
  6894 | D:8      | Found Uzyu's Food Shoppe.
  6932 | D:8      | Found a sparkling altar of Nemelex Xobeh.
  7468 | D:9      | Reached ***** piety under Lugonu
  7524 | D:9      | Found a shattered altar of Ashenzari.
  7856 | D:10     | Entered Level 10 of the Dungeon
  7918 | D:10     | Noticed Fannar
  7922 | D:10     | Reached XP level 11. HP: 76/92 MP: 15/15
  7935 | D:10     | Killed Fannar
  7947 | D:10     | Found a staircase to the Lair.
  8086 | Lair:1   | Entered Level 1 of the Lair of Beasts
  8157 | D:10     | Reached skill level 10 in Axes
  9066 | Lair:1   | Reached XP level 12. HP: 64/101 MP: 17/17
  9134 | Lair:1   | Noticed Grum
  9149 | Lair:1   | Killed Grum
  9726 | Lair:2   | Reached ****** piety under Lugonu
  9726 | Lair:2   | Reached skill level 11 in Axes
 10306 | Lair:3   | Noticed a catoblepas
 10324 | Lair:3   | Killed a catoblepas
 10636 | Lair:3   | Noticed a six-headed hydra
 10648 | Lair:3   | Killed a one-headed hydra
 10824 | Lair:3   | Reached skill level 5 in Shields
 11064 | Lair:3   | Found a staircase to the Shoals.
 11334 | Lair:4   | Noticed Urug
 11412 | Lair:4   | Killed Urug
 11444 | Lair:4   | Noticed an eight-headed hydra
 11456 | Lair:4   | Killed a one-headed hydra
 11456 | Lair:4   | Reached skill level 10 in Armour
 11507 | Lair:4   | Reached XP level 13. HP: 102/110 MP: 19/19
 11565 | Lair:4   | Reached skill level 12 in Axes
 11707 | Lair:4   | Noticed Rupert
 11755 | Lair:4   | Paralysed by Rupert for 3 turns
 11767 | Lair:4   | Killed Rupert
 11767 | Lair:4   | Reached skill level 10 in Invocations
 11958 | Lair:4   | Found a staircase to the Snake Pit.
 12059 | Lair:4   | Noticed Harold
 12075 | Lair:4   | Killed Harold
 12452 | Lair:5   | Noticed Kirke
 12661 | Lair:5   | Killed Kirke
 13404 | Lair:6   | Entered Level 6 of the Lair of Beasts
 13419 | Lair:6   | Found a staircase to the Slime Pits.
 14029 | Lair:6   | Reached XP level 14. HP: 93/118 MP: 21/21
 14053 | Lair:6   | HP: 2/118 [komodo dragon (5)]
 14054 | Lair:6   | Killed by a spatial distortion

Skill      XL: |  1  2  3  4  5  6  7  8  9 10 11 12 13 |
---------------+----------------------------------------+-----
Dodging        | 1 2 |  2.9
Axes           | 2 3 4 5 6 8 9 10 11 12 | 12.7
Armour         | 2 3 4 5 6 7 9 10 11 | 11.2
Fighting       | 4 5 6 7 8 9 |  9.6
Invocations    | 3 4 5 6 7 8 9 10 | 10.8
Throwing       | 1 2 |  2.5
Shields        | 1 2 4 5 6 |  6.4
Polearms       | |  0.3
Evocations     | |  0.1

Action                   |  1- 3 |  4- 6 |  7- 9 | 10-12 | 13-15 || total
-------------------------+-------+-------+-------+-------+-------++-------
Melee: War axe           |    67 |   118 |   277 |   629 |   274 ||  1365
       Trident           |       |       |       |     7 |       ||     7
Throw: Tomahawk          |       |     3 |       |       |       ||     3
       Javelin           |       |       |    12 |     8 |     2 ||    22
Invok: Depart the Abyss  |     1 |       |       |       |       ||     1
       Bend Space        |       |       |       |       |     1 ||     1
Evoke: Wand              |       |       |       |       |     2 ||     2
  Use: Scroll            |     1 |    17 |    11 |     9 |     5 ||    43
       Potion            |       |       |       |     2 |     7 ||     9
  Eat: Chunk             |     4 |    19 |    42 |   111 |    54 ||   230
Armor: Plate armour      |    71 |   133 |   229 |       |       ||   433
       Chain mail        |       |       |     3 |   591 |   243 ||   837
Dodge: Dodged            |    21 |    35 |    63 |   200 |    96 ||   415
Block: Shield            |       |       |    56 |   394 |   174 ||   624
